NWL (28 & UNDER)
MENLO MANIACS @ RIVERSIDE RED BULLS
08/31/2026
 
TOP OF THE 1ST
Menlo Maniacs batting - Pitching for Riverside Red Bulls : RHP Guy Hebert
Pitching: RHP Guy Hebert
Batting: LHB Pedro Rodríguez 0-0: Called Strike
0-1: Ball
1-1: Ball
2-1: Ball
3-1: Foul Ball, location: 2F
3-2: Strikes out swinging
Batting: LHB Jeff Tucker 0-0: Swinging Strike
0-1: Ball
1-1: Called Strike
1-2: Ball
2-2: Ball
3-2: Fly out, F5 (Popup, 5F)
Batting: RHB Daryl Floyd 0-0: SOLO HOME RUN (Flyball, 78XD), Distance : 406 ft
Batting: LHB Dan Hamilton 0-0: Ball
1-0: Ball
2-0: Called Strike
2-1: Ground out 4-3 (Groundball, 4)
Top of the 1st over - 1 run(s), 1 hit(s), 0 error(s), 0 left on base; Menlo 1 - Riverside 0
BOTTOM OF THE 1ST
Riverside Red Bulls batting - Pitching for Menlo Maniacs : RHP David Bishop
Pitching: RHP David Bishop
Batting: RHB Tom Howe 0-0: Ball
1-0: Foul Ball, location: 2F
1-1: Ball
2-1: Foul Ball, location: 2F
2-2: Foul Ball, location: 2F
2-2: Strikes out swinging
Batting: RHB Pedro Mata 0-0: Called Strike
0-1: Swinging Strike
0-2: Ball
1-2: Ball
2-2: Ground out 1-3 (Groundball, 25)
Batting: LHB Paco Rivera 0-0: DOUBLE (Groundball, 3L)
Batting: RHB Earnest Finnegan 0-0: 2-RUN HOME RUN (Flyball, 7D), Distance : 408 ft
Batting: RHB Kevin Brown 0-0: Ball
1-0: Foul Ball, location: 2F
1-1: Ground out 4-3 (Groundball, 4M)
Bottom of the 1st over - 2 run(s), 2 hit(s), 0 error(s), 0 left on base; Menlo 1 - Riverside 2
TOP OF THE 2ND
Menlo Maniacs batting - Pitching for Riverside Red Bulls : RHP Guy Hebert
Batting: RHB Steve Sampson 0-0: Swinging Strike
0-1: Ball
1-1: Foul Ball, location: 2F
1-2: Fly out, F3 (Popup, 3F)
Batting: LHB Paul Alexander 0-0: Foul Ball, location: 2F
0-1: Ball
1-1: Foul Ball, location: 2F
1-2: Foul Ball, location: 2F
1-2: Strikes out looking
Batting: RHB Jesús Cuevas 0-0: Called Strike
0-1: Ball
1-1: Ball
2-1: Foul Ball, location: 2F
2-2: SINGLE (Line Drive, 9S)
Batting: RHB Ernest Russell 0-0: Ground out 5-3 (Groundball, 5S)
Top of the 2nd over - 0 run(s), 1 hit(s), 0 error(s), 1 left on base; Menlo 1 - Riverside 2
BOTTOM OF THE 2ND
Riverside Red Bulls batting - Pitching for Menlo Maniacs : RHP David Bishop
Batting: RHB Marcos Hernández 0-0: Foul Ball, location: 2F
0-1: Ball
1-1: Ball
2-1: Ground out 6-3 (Groundball, 6)
Batting: RHB Fernando Gálvez 0-0: Ball
1-0: Ball
2-0: Called Strike
2-1: Foul Ball, location: 2F
2-2: Foul Ball, location: 2F
2-2: Foul Ball, location: 2F
2-2: Ball
3-2: Base on Balls
Batting: RHB Brandon Pope 0-0: Swinging Strike
0-1: Ball
1-1: Swinging Strike
1-2: Ball
2-2: Strikes out looking
Batting: SHB Luis Alonso 0-0: Foul Ball, location: 2F
0-1: Ball
1-1: SINGLE (Groundball, 4MD)
Fernando Gálvez to second
Runner from 2nd tries for 3rd, SAFE, no throw or cutoff
Batting: RHB Tom Howe 0-0: Foul Ball, location: 2F
0-1: Called Strike
0-2: Ball
1-2: Foul Ball, location: 2F
1-2: Foul Ball, location: 2F
1-2: Fielders Choice at 2nd, U6 (Groundball, 6M)
Bottom of the 2nd over - 0 run(s), 1 hit(s), 0 error(s), 2 left on base; Menlo 1 - Riverside 2
TOP OF THE 3RD
Menlo Maniacs batting - Pitching for Riverside Red Bulls : RHP Guy Hebert
Batting: RHB Richie Miller 0-0: Swinging Strike
0-1: Fly out, F7 (Flyball, 78XD)
Batting: LHB Pedro Rodríguez 0-0: Swinging Strike
0-1: Swinging Strike
0-2: Strikes out swinging
Batting: LHB Jeff Tucker 0-0: Ball
1-0: Ball
2-0: Fly out, F5 (Popup, 5SF)
Top of the 3rd over - 0 run(s), 0 hit(s), 0 error(s), 0 left on base; Menlo 1 - Riverside 2
BOTTOM OF THE 3RD
Riverside Red Bulls batting - Pitching for Menlo Maniacs : RHP David Bishop
Batting: RHB Pedro Mata 0-0: Ball
1-0: Called Strike
1-1: Called Strike
1-2: Ball
2-2: Ground out 3-1 (Groundball, 23)
Batting: LHB Paco Rivera 0-0: Foul Ball, location: 2F
0-1: Ground out 6-3 (Groundball, 6M)
Batting: RHB Earnest Finnegan 0-0: Called Strike
0-1: Ball
1-1: Ground out 5-3 (Groundball, 56)
Bottom of the 3rd over - 0 run(s), 0 hit(s), 0 error(s), 0 left on base; Menlo 1 - Riverside 2
TOP OF THE 4TH
Menlo Maniacs batting - Pitching for Riverside Red Bulls : RHP Guy Hebert
Batting: RHB Daryl Floyd 0-0: Ball
1-0: Swinging Strike
1-1: Swinging Strike
1-2: Ball
2-2: Strikes out swinging
Batting: LHB Dan Hamilton 0-0: Called Strike
0-1: DOUBLE (Flyball, 89M)
Batting: RHB Steve Sampson 0-0: Fly out, F8 (Flyball, 8LM)
Batting: LHB Paul Alexander 0-0: Ball
1-0: Ball
2-0: Ball
3-0: Base on Balls
Batting: RHB Jesús Cuevas 0-0: Called Strike
0-1: Swinging Strike
0-2: Ball
1-2: Strikes out looking
Top of the 4th over - 0 run(s), 1 hit(s), 0 error(s), 2 left on base; Menlo 1 - Riverside 2
BOTTOM OF THE 4TH
Riverside Red Bulls batting - Pitching for Menlo Maniacs : RHP David Bishop
Batting: RHB Kevin Brown 0-0: Called Strike
0-1: Fly out, F9 (Flyball, 9M)
Batting: RHB Marcos Hernández 0-0: Ball
1-0: Ball
2-0: Ball
3-0: Base on Balls
Batting: RHB Fernando Gálvez 0-0: Ball
1-0: Grounds into double play, U3-6 (Groundball, 3L)
Bottom of the 4th over - 0 run(s), 0 hit(s), 0 error(s), 0 left on base; Menlo 1 - Riverside 2
TOP OF THE 5TH
Menlo Maniacs batting - Pitching for Riverside Red Bulls : RHP Guy Hebert
Batting: RHB Ernest Russell 0-0: Ball
1-0: Foul Ball, location: 2F
1-1: Swinging Strike
1-2: Strikes out swinging
Batting: RHB Richie Miller 0-0: Ball
1-0: Foul Ball, location: 2F
1-1: Foul Ball, location: 2F
1-2: Strikes out swinging
Batting: LHB Pedro Rodríguez 0-0: Ball
1-0: Called Strike
1-1: Called Strike
1-2: Ground out U3 (Groundball, 3L)
Top of the 5th over - 0 run(s), 0 hit(s), 0 error(s), 0 left on base; Menlo 1 - Riverside 2
BOTTOM OF THE 5TH
Riverside Red Bulls batting - Pitching for Menlo Maniacs : RHP David Bishop
Batting: RHB Brandon Pope 0-0: Ball
1-0: Ball
2-0: Swinging Strike
2-1: Foul Ball, location: 2F
2-2: Foul Ball, location: 2F
2-2: Foul Ball, location: 2F
2-2: Ball
3-2: Base on Balls
Batting: SHB Luis Alonso 0-0: Fly out, F6 (Popup, 6D)
Batting: RHB Tom Howe 0-0: Ball
1-0: Swinging Strike
1-1: Swinging Strike
1-2: Strikes out swinging
Batting: RHB Pedro Mata 0-0: Called Strike
0-1: Ball
1-1: Foul Ball, location: 2F
1-2: Ball
2-2: Ball
3-2: Foul Ball, location: 2F
3-2: SINGLE (Line Drive, 6D)
Brandon Pope to second
Brandon Pope to third
Batting: LHB Paco Rivera 0-0: Ball
1-0: Ball
2-0: Ball
3-0: Called Strike
3-1: Foul Ball, location: 2F
3-2: Base on Balls
Pedro Mata to second
Batting: RHB Earnest Finnegan 0-0: Ball
1-0: Called Strike
1-1: Ball
2-1: Ball
3-1: Base on Balls
Brandon Pope scores
Pedro Mata to third
Paco Rivera to second
Batting: RHB Kevin Brown 0-0: Ball
1-0: Swinging Strike
1-1: SINGLE (Groundball, 6MD) (infield hit)
Pedro Mata scores
Paco Rivera to third
Earnest Finnegan to second
Batting: RHB Marcos Hernández 0-0: Fly out, F4 (Popup, 13)
Bottom of the 5th over - 2 run(s), 2 hit(s), 0 error(s), 3 left on base; Menlo 1 - Riverside 4
TOP OF THE 6TH
Menlo Maniacs batting - Pitching for Riverside Red Bulls : RHP Guy Hebert
Batting: LHB Jeff Tucker 0-0: Called Strike
0-1: Called Strike
0-2: Ball
1-2: Foul Ball, location: 2F
1-2: Strikes out swinging
Batting: RHB Daryl Floyd 0-0: Swinging Strike
0-1: Swinging Strike
0-2: Ball
1-2: Strikes out swinging
Batting: LHB Dan Hamilton 0-0: Called Strike
0-1: Ball
1-1: Ball
2-1: Ball
3-1: Base on Balls
Batting: RHB Steve Sampson 0-0: Ball
1-0: Foul Ball, location: 2F
1-1: Called Strike
Dan Hamilton steals 2nd base
1-2: Strikes out looking
Top of the 6th over - 0 run(s), 0 hit(s), 0 error(s), 1 left on base; Menlo 1 - Riverside 4
BOTTOM OF THE 6TH
Riverside Red Bulls batting - Pitching for Menlo Maniacs : RHP David Bishop
Pitching: RHP Bryan Bray
Batting: RHB Fernando Gálvez 0-0: Ball
1-0: Ball
2-0: Called Strike
2-1: Foul Ball, location: 2F
2-2: Strikes out swinging
Batting: RHB Brandon Pope 0-0: Ball
1-0: Called Strike
1-1: Ball
2-1: Foul Ball, location: 2F
2-2: Ball
3-2: Foul Ball, location: 2F
3-2: Ground out 5-3 (Groundball, 5)
Batting: SHB Luis Alonso 0-0: Called Strike
0-1: Fly out, F7 (Flyball, 7M)
Bottom of the 6th over - 0 run(s), 0 hit(s), 0 error(s), 0 left on base; Menlo 1 - Riverside 4
TOP OF THE 7TH
Menlo Maniacs batting - Pitching for Riverside Red Bulls : RHP Guy Hebert
Batting: LHB Paul Alexander 0-0: Ground out 4-3 (Groundball, 4)
Batting: RHB Jesús Cuevas 0-0: Fly out, F9 (Flyball, 9M)
Batting: RHB Ernest Russell 0-0: Ball
1-0: SINGLE (Groundball, 56D)
Batting: RHB Richie Miller 0-0: Called Strike
0-1: Ground out 5-3 (Groundball, 56)
Top of the 7th over - 0 run(s), 1 hit(s), 0 error(s), 1 left on base; Menlo 1 - Riverside 4
BOTTOM OF THE 7TH
Riverside Red Bulls batting - Pitching for Menlo Maniacs : RHP Bryan Bray
Batting: RHB Tom Howe 0-0: Fly out, F3 (Popup, 34)
Batting: RHB Pedro Mata 0-0: Ball
1-0: Foul Ball, location: 2F
1-1: Foul Ball, location: 2F
1-2: Ball
2-2: Strikes out looking
Batting: LHB Paco Rivera 0-0: Ball
1-0: Ball
2-0: Foul Ball, location: 2F
2-1: Foul Ball, location: 2F
2-2: Foul Ball, location: 2F
2-2: Ball
3-2: SOLO HOME RUN (Flyball, 9LD), Distance : 385 ft
Batting: RHB Earnest Finnegan 0-0: Ball
1-0: Ball
2-0: Fly out, F7 (Line Drive, 78M)
Bottom of the 7th over - 1 run(s), 1 hit(s), 0 error(s), 0 left on base; Menlo 1 - Riverside 5
TOP OF THE 8TH
Menlo Maniacs batting - Pitching for Riverside Red Bulls : RHP Guy Hebert
Batting: LHB Pedro Rodríguez 0-0: Called Strike
0-1: Ball
1-1: Swinging Strike
1-2: Strikes out swinging
Pitching: LHP Stu Creichton
Batting: LHB Jeff Tucker 0-0: Ball
1-0: Foul Ball, location: 2F
1-1: Swinging Strike
1-2: Ball
2-2: Ball
3-2: Strikes out swinging
Batting: RHB Daryl Floyd 0-0: Called Strike
0-1: Ball
1-1: Ball
2-1: Ball
3-1: Foul Ball, location: 2F
3-2: Foul Ball, location: 2F
3-2: Strikes out looking
Top of the 8th over - 0 run(s), 0 hit(s), 0 error(s), 0 left on base; Menlo 1 - Riverside 5
BOTTOM OF THE 8TH
Riverside Red Bulls batting - Pitching for Menlo Maniacs : RHP Bryan Bray
Pitching: LHP José Acosta
Batting: RHB Kevin Brown 0-0: Swinging Strike
0-1: Ball
1-1: Called Strike
1-2: Strikes out swinging
Batting: RHB Marcos Hernández 0-0: Ball
1-0: Swinging Strike
1-1: Ball
2-1: Foul Ball, location: 2F
2-2: Foul Ball, location: 2F
2-2: Ball
3-2: Ground out 6-3 (Groundball, 6)
Batting: RHB Fernando Gálvez 0-0: Called Strike
0-1: Called Strike
0-2: Strikes out swinging
Bottom of the 8th over - 0 run(s), 0 hit(s), 0 error(s), 0 left on base; Menlo 1 - Riverside 5
TOP OF THE 9TH
Menlo Maniacs batting - Pitching for Riverside Red Bulls : LHP Stu Creichton
Batting: LHB Dan Hamilton 0-0: Ball
1-0: Foul Ball, location: 2F
1-1: Ball
2-1: Swinging Strike
2-2: Ball
3-2: SINGLE (Line Drive, 9LS)
Batting: RHB Steve Sampson 0-0: Fly out, F7 (Line Drive, 78M)
Batting: LHB Paul Alexander 0-0: Called Strike
0-1: Swinging Strike
0-2: Ball
1-2: Fly out, F8 (Flyball, 8RM)
Batting: RHB Jesús Cuevas 0-0: Called Strike
0-1: Called Strike
0-2: Ball
1-2: Fielders Choice at 2nd, 6-4 (Groundball, 6)
Top of the 9th over - 0 run(s), 1 hit(s), 0 error(s), 0 left on base; Menlo 1 - Riverside 5
Monday, December 5th, 2016 - OOTP Baseball 17.12 Build 75